 Dungeon Crawl Stone Soup version 0.22.0-13-g43fe8f2 (webtiles) character file.

15 HaroldButt the Firebug (level 2, -4/19 HPs)
             Began as a Barachi Fire Elementalist on Aug 16, 2018.
             Slain by a leopard gecko (5 damage)
             ... on level 1 of the Dungeon.
             The game lasted 00:04:19 (414 turns).

HaroldButt the Firebug (Barachi Fire Elementalist)   Turns: 414, Time: 00:04:21

Health: -4/19      AC:  2    Str:  9    XL:     2   Next: 50%
Magic:  0/5        EV: 12    Int: 20    God:
Gold:   24         SH:  0    Dex: 12    Spells: 2/5 levels left

rFire    . . .     SeeInvis .   d - +0 short sword
rCold    . . .     Gourm    .   (no shield)
rNeg     . . .     Faith    .   a - +0 robe
rPois    .         Spirit   .   (no helmet)
rElec    .         Reflect  .   (no cloak)
rCorr    .         Harm     .   (no gloves)
MR       .....                  (no boots)
Stlth    ++........             (no amulet)
HPRegen  0.06/turn              (no ring)
MPRegen  0.09/turn              (no ring)

@: brilliant, can't hop, slow
A: +LOS, swims, slowness 1, strong legs 1
a: Hop


You were on level 1 of the Dungeon.
You were not hungry.

You visited 1 branch of the dungeon, and saw 1 of its levels.

You collected 24 gold pieces.


Innate Abilities, Weirdness & Mutations

Shadows flee at your approach. (+LOS)
You can swim through water.
You cover ground slowly.
You can hop short distances.


   Skills:
 - Level 2.1 Dodging
 - Level 1.7 Stealth
 - Level 2.1 Spellcasting
 - Level 1.1 Conjurations
 + Level 4.2 Fire Magic


You had 2 spell levels left.
You knew the following spells:

 Your Spells              Type           Power        Failure   Level  Hunger
x - Throw Flame           Conj/Fire      ###...       1%          2    ##.....
z - Flame Tongue          Conj/Fire      ###..        1%          1    #......

Your spell library contained the following spells:

 Spells                   Type           Power        Failure   Level  Hunger
 Fireball                 Conj/Fire      ###.......   16%         5    ######.
 Conjure Flame            Conj/Fire      ###.....     1%          3    ###....
 Sticky Flame             Conj/Fire      ###.....     6%          4    #####..
 Inner Flame              Hex/Fire       ###.....     2%          3    ###....

Inventory:

Hand Weapons
 d - a +0 short sword (weapon)
Armour
 a - a +0 robe (worn)
Scrolls
 e - a scroll of teleportation {unknown}
Potions
 b - a potion of degeneration {unknown}
Comestibles
 c - a ration
 f - a chunk of flesh

Dungeon Overview and Level Annotations

Branches:
Dungeon (1/15)

Altars:

▒▒▒ ▒.▒ ▒▒▒▒▒▒▒▒ ▒.▒
▒......▒
▒.▒▒▒▒▒▒▒▒......▒ ▒▒▒▒
▒........F).....▒
(..▒▒▒▒▒..▒▒▒▒▒▒▒l.....▒
▒▒(.......▒▒▒ ▒▒K▒▒▒▒▒▒
....†▒▒▒....▒ ▒..▒
▒▒▒▒...▒.▒▒.▒▒▒▒.▒▒
▒▒▒...▒▒.▒▒...▒
▒...▒..K.▒▒........
▒...▒..▒▒▒▒.▒▒▒▒...
▒▒..▒.......▒


You could see a leopard gecko and a kobold.


Message History

The leopard gecko closely misses you.
You closely miss the leopard gecko.
The leopard gecko is moderately wounded.
The leopard gecko bites you.
* * * LOW HITPOINT WARNING * * *
The leopard gecko closely misses you.
Cast which spell? (? or * to list)
Aiming: Flame Tongue (safe; 8% risk of failure)
Press: ? - help, Shift-Dir - straight line, f/p - leopard gecko
Aim: a leopard gecko (moderately wounded, clinging)
The flame tongue hits the leopard gecko.
The leopard gecko appears unharmed.
The leopard gecko is moderately wounded.
The leopard gecko hisses menacingly.
The leopard gecko bites you.
* * * LOW HITPOINT WARNING * * *
You miss the leopard gecko.
The leopard gecko is moderately wounded.
The leopard gecko bites you.
* * * LOW HITPOINT WARNING * * *
The leopard gecko bites you.
* * * LOW HITPOINT WARNING * * *
Use which ability? (? or * to list) Hop to where?
Press: ? - help, Dir - move target cursor, p - leopard gecko Boing!
It was a potion of brilliance.
You feel clever all of a sudden. The leopard gecko bites you.
You die...

Action                   || total
-------------------------++-------
Melee: Short sword       ||    33
 Cast: Flame Tongue      ||    26
 Abil: Hop               ||     1
  Use: Potion            ||     3
Armor: Robe              ||     7
Dodge: Dodged            ||    35

Vault maps used:
D:1:      minmay_arrival_plants_in_alcoves

Notes
Turn   | Place    | Note
-------+----------+-------------------------------------------
     0 | D:1      | HaroldButt the Barachi Fire Elementalist began the quest for the Orb.
     0 | D:1      | Reached XP level 1. HP: 13/13 MP: 3/3
    86 | D:1      | HP: 1/13 [hobgoblin/mace (7)]
   144 | D:1      | Reached XP level 2. HP: 9/19 MP: 0/5
   147 | D:1      | Reached skill level 4 in Fire Magic
   338 | D:1      | Learned a level 2 spell: Throw Flame
   409 | D:1      | HP: 1/19 [leopard gecko (3)]
   414 | D:1      | Slain by a leopard gecko

Vanquished Creatures
  A leopard gecko (D:1)
  A bat (D:1)
  3 goblins (D:1)
  2 hobgoblins (D:1)
  A frilled lizard (D:1)
  4 kobolds (D:1)
12 creatures vanquished.
